Bacon, lawful female human Monk ---------- --------- --- |........| ---.|.--..-- $ --.---- |....-...-- ----- --....>.....| |...|.-- $ |.--......| $ --...--- |....%......---- ---......| $ |.|.......-- $ --......-------..............-- |....--.-- |.|........| |...)....%).)..).....%........----.----|.| --- |..........| $ --.).....--------------............-- |.|--.-- --.....--.-- ----.......| |....---...-..---|.||...| --....|--- $ $ |.^.......-- --...--|........-|.||...| --...-- $ --......---- |....--.--......|.|---.| $ $ --...| |......-- $ --.^....||--....(.| |.| --..--- --.-.--- ---- |....---|......))| |.|--- ---- |....--------------|...| |..|--- |....|---.--.....| |.|..-- --..---|.|.............--.|.--- |..--.-- |..--||...|-----.| |.|...| |.....-|.|------...-........--- --...`.| |....--.--- |.| |.|..-- |......|.| --.............| ..-- --.b@I-- --.......| |.---|.|.-- -----....| $ -.............- .....-- ---..:--- |.......| |....|.|.| |....| ........---...........---.....| $ |.|.....- --.......-- ---..| -....<..| --......--......--- --.....| --.......| ---- - --..| ---.--- ----.-- ---.--- ---.--`-- ---- --- --- Bacon the Initiate Experience level: 8 Strength: 15 Dexterity: 15 Constitution: 11 Intelligence: 11 Wisdom: 16 Charisma: 10 Health: 0(62) Energy: 41(41) Def: 4 Gold: 484 Moves: 3503 Dungeon seed: 1NGW11zrdtaptFoF Game ID: Bacon_1512319874 Your Inventory: Coins $ - 484 gold pieces Weapons O - 10 uncursed +0 arrows P - an uncursed +0 bow U - a blessed +1 aklys of aggravate monster Armor e - an uncursed +2 pair of leather gloves (being worn) r - an uncursed +0 mummy wrapping B - an uncursed +0 helmet E - an uncursed +0 pair of low boots (being worn) Comestibles d - 2 uncursed food rations f - 5 uncursed apples g - 5 uncursed oranges h - 4 uncursed fortune cookies m - an uncursed cram ration F - 2 uncursed C-rations H - an uncursed cockatrice corpse (weapon in hand) L - an uncursed Durain Scrolls b - a blessed scroll of teleportation Potions u - an uncursed potion of fruit juice v - an uncursed potion of gain ability D - an uncursed potion of water Wands x - an uncursed wand of digging (0:6) y - an uncursed wand of digging (0:7) K - an uncursed wand of digging (0:7) Tools i - an uncursed oil lamp (0:20) p - an uncursed blindfold t - an uncursed stethoscope C - an uncursed magic marker (1:0) S - an uncursed oil lamp (0:1257) T - 4 uncursed tallow candles (0:200) V - 8 uncursed wax candles (0:400) Gems n - 2 uncursed jasper stones q - an uncursed garnet stone z - an uncursed luckstone G - an uncursed fluorite stone named Gem N - an uncursed touchstone Y - an uncursed worthless piece of yellowish brown glass Spells and supernatural/magical abilities: Spells marked with '*' are forgotten. Spells marked with '!' are maintained. Spells marked with '#' are aliased with 'castalias'. Name Level Category Fail Memory s - slow monster 2 enchantment 22% 96% z - sleep 1 enchantment 22% 95% H - speed monster 3 escape 100% 96% W - pray for help -- divine ? -- Your skills at the end: Fighting Skills martial arts [Skilled] wands [Basic] Weapon Skills Spellcasting Skills healing spells [Basic] enchantment spells [Basic] Final Attributes: You were immune to sleep. You were poison resistant. You saw invisible. You were warned. You were stealthy. You were fast. You were lucky. You had extra luck. Bad luck did not time out for you. Good luck did not time out for you. You are dead. Vanquished creatures: a long worm an ettin mummy a large dog a leather golem a soldier a cockatrice a panther a spotted jelly an ice vortex a gnome king an orc mummy a dwarf mummy a dust vortex a snake 2 apes 2 bugbears an imp 5 Mordor orcs 2 yellow lights 8 gnome lords 4 gnomish wizards 2 red naga hatchlings a golden naga hatchling an elf zombie a floating eye 2 kittens 2 dwarves a homunculus a wererat an iguana a gas spore a hobbit a hobgoblin 2 brown molds a yellow mold 45 gnomes 2 gnome zombies 2 geckos 6 jackals a fox a goblin a sewer rat 6 grid bugs 2 lichens a kobold zombie 123 creatures vanquished. Voluntary challenges: You followed a strict vegan diet. You had been an atheist until turn 1959. You never hit with a wielded weapon. You read items or engraved 18 times, starting on turn 18. You never genocided any monsters. You never polymorphed an object. You never changed form. You used no wishes. You never split a pudding. You never wrote Elbereth's name. You never violated your personal moral code. Dungeon overview: The Dungeons of Doom: levels 1 to 4 Level 1 a long staircase Level 2 a general store, a fountain, a vault Level 3 an altar to Chih Sung-tzu, a fountain Level 4 stairs to The Gnomish Mines The Gnomish Mines: levels 5 to 10 Level 5 stairs to The Dungeons of Doom Level 6 Level 7 some shops, a temple to Huan Ti, some fountains Level 8 Level 9 Level 10 <- You were here History has recorded: On T:1 you entered the Dungeons of Doom to retrieve the Amulet of Yendor! On T:241 you reached level 2 of The Dungeons of Doom. On T:535 you reached level 3 of The Dungeons of Doom. On T:558 you advanced to experience level 2. On T:878 you reached level 4 of The Dungeons of Doom. On T:1123 you reached level 1 of The Gnomish Mines. On T:1130 you advanced to experience level 3. On T:1167 you advanced to experience level 4. On T:1317 you reached level 2 of The Gnomish Mines. On T:1439 you advanced to experience level 5. On T:1643 you reached level 3 of The Gnomish Mines. On T:1817 you advanced to experience level 6. On T:2056 you reached level 4 of The Gnomish Mines. On T:2334 you advanced to experience level 7. On T:2771 you reached level 5 of The Gnomish Mines. On T:3030 you reached level 6 of The Gnomish Mines. On T:3338 you advanced to experience level 8. Score breakdown: Gold: 484 ( 9135 points) Experience: 8 levels (14739 points) Exploration: 10 levels ( 20.41%) (12990 points) Discoveries: 15 items ( 5.30%) ( 6906 points) Valuables value: (no points given unless you survive) Artifact value: 0 ( 0 points) Variety of kills: 45 monsters ( 11.84%) (10323 points) Turncount: 3503 turns ( -828 points) Survival: died (score multiplied by 80%) Total score: 42612 Latest messages: You hear some noises nearby. You hit it with the cockatrice corpse. It bites! It touches you! You hear some noises in the distance. You hear some noises nearby. You hit it with the cockatrice corpse. Wait! There's something there you can't see! You hit it with the cockatrice corpse. (2x) You hear some noises nearby. It bites! It touches you! You are frozen! You hear some noises in the distance. You hear some noises nearby. It bites! It touches you! You hear some noises in the distance. You can see again. The lizard bites! The gelatinous cube touches you! You die... Final status: Goodbye Bacon the Monk, killed by a gelatinous cube, while paralyzed by a monster's touch... You died in The Gnomish Mines on dungeon level 10 with 42612 points, and 484 pieces of gold, after 3503 moves. You were level 8 with a maximum of 62 hit points when you died.